 Dungeon Crawl Stone Soup version 0.20-a0 (webtiles) character file.

2793 poirepourri the Covert (level 9, -4/42 HPs)
             Began as a Spriggan Enchanter on Oct 27, 2016.
             Was an Initiate of Ashenzari.
             Slain by a troll (10 damage)
             ... on level 8 of the Dungeon.
             The game lasted 00:13:37 (13728 turns).

poirepourri the Covert (Spriggan Enchanter)        Turns: 13728, Time: 00:13:37

Health: -4/42      AC: -1    Str:  8    XL:     9   Next: 43%
Magic:  11/20      EV: 21    Int: 16    God:    Ashenzari [......]
Gold:   348        SH:  0    Dex: 20    Spells: 5 memorised, 10 levels left

rFire  + . .     SeeInvis +     a - +1 dagger (vamp)
rCold  . . .     Gourm    .     b - +2 robe
rNeg   . . .     Faith    .     (shield restricted)
rPois  .         Spirit   .     p - -5 hat of the Orcish Mines {rF+ MR+ Str+4} (curse)
rElec  .         Reflect  .     (no cloak)
rCorr  .         Harm     .     (gloves unavailable)
MR     ++...                    (boots unavailable)
Stlth  ++++++....               (no amulet)
                                (no ring)
                                h - ring of stealth

@: very quick
A: unfitting armour, see invisible, herbivore 3, speed 3, slow metabolism 2
a: Curse Item, Renounce Religion


You were on level 8 of the Dungeon.
You worshipped Ashenzari.
Ashenzari was noncommittal.
You were not hungry.

You visited 2 branches of the dungeon, and saw 9 of its levels.
You also visited: Ossuary.

You collected 348 gold pieces.

Inventory:

Hand Weapons
 a - a +1 vampiric dagger (weapon)
Armour
 b - a +2 robe (worn)
 p - the cursed -5 hat of the Orcish Mines (worn) {rF+ MR+ Str+4}
   (You acquired it on level 8 of the Dungeon)

   It affects your strength (+4).
   It protects you from fire.
   It affects your resistance to hostile enchantments.
   It has a curse placed upon it.
Jewellery
 h - a ring of stealth (left hand)
 m - an uncursed ring of stealth
 v - an uncursed ring of protection from magic
Wands
 o - a wand of lightning (6/15)
 q - a wand of random effects (22/48)
Scrolls
 e - 3 scrolls of recharging
 f - 3 scrolls of teleportation
 i - 2 scrolls of fear
 k - a scroll of amnesia
 s - a scroll of blinking
 u - a scroll of magic mapping
Potions
 j - a potion of ambrosia
 l - a potion of resistance
 t - 2 potions of flight
Books
 c - a book of Maledictions

   Spells                             Type                      Level
   a - Corona                         Hexes                        1
   b - Ensorcelled Hibernation        Hexes/Ice                    2
   c - Confuse                        Hexes                        3
   d - Tukima's Dance                 Hexes                        3
   e - Dazzling Spray                 Conjuration/Hexes            3
 w - a book of Conjurations

   Spells                             Type                      Level
   a - Magic Dart                     Conjuration                  1
   b - Searing Ray                    Conjuration                  2
   c - Dazzling Spray                 Conjuration/Hexes            3
   d - Fulminant Prism                Conjuration/Hexes            4
   e - Iskenderun's Mystic Blast      Conjuration                  4
   f - Iskenderun's Battlesphere      Conjuration/Charms           5
Comestibles
 d - 2 bread rations
 g - a royal jelly
 n - 2 slices of pizza
 r - 5 fruits


   Skills:
 + Level 2.0 Fighting
 + Level 5.1 Short Blades
 + Level 5.5 Dodging
 + Level 12.3 Stealth
 + Level 7.3 Spellcasting
 + Level 6.4 Hexes
 + Level 3.1 Ice Magic


You had 10 spell levels left.
You knew the following spells:

 Your Spells              Type           Power        Failure   Level  Hunger
a - Corona                Hex            ####...      1%          1    None
b - Ensorcelled Hibernat  Hex/Ice        ###...       2%          2    None
c - Confuse               Hex            ####....     2%          3    ##.....
d - Tukima's Dance        Hex            ####....     2%          3    ##.....
e - Dazzling Spray        Conj/Hex       ###...       12%         3    ##.....


Dungeon Overview and Level Annotations

Branches:
Dungeon (8/15)             Temple (1/1) D:6
   Lair: D:8-11

Altars:
Ashenzari
Cheibriados
Elyvilon
Fedhas
Gozag
Hepliaklqana
Kikubaaqudgha
Makhleb
Nemelex Xobeh
Okawaru
Qazlal
Ru
Sif Muna
Trog
Uskayaw
Vehumet
Xom
Yredelemnul
Zin
The Shining One

Shops:
D:4 (   D:7 }


Innate Abilities, Weirdness & Mutations

You are very small and have problems with some larger weapons.
You are too small for most types of armour.
You have supernaturally acute eyesight. (SInv)
You are a herbivore.
You cover ground extremely quickly.
You need consume almost no food.


Message History

Aiming: Ensorcelled Hibernation
Press: ? - help, Shift-Dir - straight line, f/p - troll
Aim: a troll (chance to defeat MR: 50%)
The troll resists with some effort.
Casting: Ensorcelled Hibernation
Confirm with . or Enter, or press ? or * to list all spells.
Aiming: Ensorcelled Hibernation
Press: ? - help, Shift-Dir - straight line, f/p - troll
Aim: a troll (chance to defeat MR: 50%)
The troll resists with some effort.
The troll barely misses you. The troll closely misses you. The troll claws you!
Casting: Ensorcelled Hibernation
Confirm with . or Enter, or press ? or * to list all spells.
Aiming: Ensorcelled Hibernation
Press: ? - help, Shift-Dir - straight line, f/p - troll
Aim: a troll (chance to defeat MR: 50%)
The troll resists with some effort.
The troll bites you!
* * * LOW HITPOINT WARNING * * *
The troll completely misses you. The troll claws you!
You die...

..≈≈≈≈≈≈....#.#%##.......%....
...≈≈≈≈.....#.#.#...##.......#
....≈.....#...#.....##.......#
..........#..................#
.............................#
...............(.............#
........####...........$.....#
......................>......#
........##.....<@T...5.#######
.<....[...............##
###........#.........##
#...####...[...##....# #.#.##
##.##......#....
#.#..###.....#.........?
#.##........#............
..##..##...##...........#
####...#.#.# ..


You could see a troll and a crimson imp.

Vanquished Creatures
  A wyvern (D:7)
  Grum (D:7)
  An ice beast (D:8)
  2 wolves
  4 ogres
  3 centaurs
  An elf skeleton (D:7)
  A bullfrog (D:7)
  3 killer bees
  2 vampire bats (D:6)
  4 crimson imps
  A bullfrog zombie (D:5)
  A quasit (D:7)
  A centaur skeleton (D:5)
  6 hounds
  2 jellies (D:7)
  12 orc wizards
  A bullfrog skeleton (D:6)
  A gnoll shaman (D:4)
  2 iguanas
  2 human skeletons (D:7)
  4 worker ants
  2 hound zombies
  A hound skeleton (D:8)
  A mummy (D:7)
  5 gnolls (D:4)
  A howler monkey skeleton (D:4)
  10 adders
  A shadow imp (D:6)
  2 oozes (D:2)
  An adder skeleton (D:5)
  A worm (D:3)
  2 dart slugs
  2 leopard geckos
  14 orcs
  A ball python (D:7)
  14 bats
  4 giant cockroaches
  A gnoll zombie (Ossuary)
  6 goblins
  3 hobgoblins
  5 jackals (D:1)
  3 quokkas
  4 frilled lizards
  A jackal zombie (Ossuary)
  A kobold (D:1)
  An orc skeleton (D:7)
  3 orc zombies
  A quokka zombie (D:5)
  4 rats
151 creatures vanquished.

Notes
Turn   | Place    | Note
-------+----------+-------------------------------------------
     0 | D:1      | poirepourri the Spriggan Enchanter began the quest for the Orb.
     0 | D:1      | Reached XP level 1. HP: 9/9 MP: 5/5
   434 | D:1      | Reached skill level 5 in Stealth
   440 | D:1      | Reached XP level 2. HP: 13/13 MP: 6/6
   443 | D:1      | Found an iron altar of Okawaru.
  1714 | D:1      | Learned a level 2 spell: Ensorcelled Hibernation
  2157 | D:2      | Reached XP level 3. HP: 11/16 MP: 8/8
  2783 | D:2      | Found a sparkling altar of Nemelex Xobeh.
  3318 | D:2      | Reached skill level 6 in Stealth
  3772 | D:3      | Reached XP level 4. HP: 10/21 MP: 6/9
  4126 | D:3      | Found a faded altar of an unknown god.
  4265 | D:3      | Found a glowing silver altar of Zin.
  4836 | D:3      | Reached XP level 5. HP: 17/25 MP: 5/10
  5219 | D:3      | Learned a level 3 spell: Confuse
  5223 | D:3      | Learned a level 3 spell: Tukima's Dance
  5367 | D:4      | Reached skill level 7 in Stealth
  5967 | D:4      | Reached skill level 1 in Ice Magic
  5967 | D:4      | Reached XP level 6. HP: 29/29 MP: 12/12
  5989 | D:4      | Found Etaschan's Antique Weapon Emporium.
  6538 | D:4      | Reached skill level 8 in Stealth
  7218 | D:5      | Entered Level 5 of the Dungeon
  7229 | D:5      | Found a glowing golden altar of the Shining One.
  7334 | D:5      | Found a shimmering altar of Xom.
  7388 | D:5      | Reached skill level 5 in Hexes
  7388 | D:5      | Reached XP level 7. HP: 27/32 MP: 5/14
  8725 | D:5      | Reached skill level 9 in Stealth
  9236 | D:6      | Found a staircase to the Ecumenical Temple.
  9248 | Temple   | Entered the Ecumenical Temple
  9328 | Temple   | Became a worshipper of Ashenzari the Shackled
  9537 | D:6      | Reached XP level 8. HP: 26/37 MP: 7/16
  9541 | D:6      | Reached skill level 5 in Spellcasting
  9708 | D:6      | Learned a level 3 spell: Dazzling Spray
  9715 | D:6      | Reached skill level 1 in Fighting
  9854 | D:6      | Reached skill level 10 in Stealth
 10317 | D:6      | Found an opulent altar of Gozag.
 10317 | D:6      | Found a hazy altar of Hepliaklqana.
 11034 | D:7      | Reached skill level 5 in Dodging
 11298 | D:7      | Found a sand-covered staircase.
 11303 | Ossuary  | Entered an ossuary
 11912 | D:7      | Reached skill level 11 in Stealth
 12459 | D:7      | Found Ydghal's Gadget Shop.
 12522 | D:8      | Noticed Grum
 12523 | D:8      | Reached XP level 9. HP: 41/41 MP: 19/19
 12526 | D:8      | Noticed a troll
 12530 | D:7      | HP: 1/41 [killer bee (8)]
 12923 | D:7      | Killed Grum
 12923 | D:7      | Reached skill level 5 in Short Blades
 13154 | D:8      | Reached skill level 12 in Stealth
 13646 | D:8      | Identified a scroll of acquirement
 13652 | D:8      | Got the cursed hat of the Orcish Mines {rF+ MR+ Str+4}
 13685 | D:8      | Identified the cursed -5 hat of the Orcish Mines {rF+ MR+ Str+4} (You acquired it on level 8 of the Dungeon)
 13728 | D:8      | Slain by a troll

Vault maps used:
D:1:      roderic_crop_circles_arrival_small, okawaru_ov_weapons_minmay
D:2:      lemuel_round_altar
D:3:      kennysheep_big_flooded_room, zin_statuary, first_bread,
          ecumenical_altar_2
D:4:      serial_shops, nicolae_shop_waterfront
D:5:      led_xom_imps, overflow_temple_1_default
D:6:      minmay_flawed_box, gammafunk_temple_overflow_wave,
          minmay_guarded_unrand_vampires_tooth
D:7:      serial_shops, nicolae_shop_behind_doors,
          nicolae_ossuary_entry_catacombs
D:8:      argonaut_augean_stables, marbit_many_paths, serial_glass,
          glass_columns_b, glass_columns_a, uniq_maurice, uniq_grum
Temple:   eino_temple_water
Ossuary:  ossuary_minmay_tomb_2a

Skill      XL: |  1  2  3  4  5  6  7  8  9 |
---------------+----------------------------+-----
Stealth        | 5 6 7 8 9 11 12 | 12.3
Hexes          | 4 5 6 |  6.4
Short Blades   | 2 3 4 5 |  5.1
Spellcasting   | 3 4 6 7 |  7.3
Dodging        | 4 5 |  5.5
Ice Magic      | 1 2 3 |  3.1
Fighting       | 1 2 |  2.0

Action                   |  1- 3 |  4- 6 |  7- 9 || total
-------------------------+-------+-------+-------++-------
Melee: Dagger            |   184 |   100 |   257 ||   541
 Cast: Ensorcelled Hiber |     3 |    38 |    62 ||   103
       Confuse           |       |     5 |    15 ||    20
       Dazzling Spray    |       |       |    11 ||    11
  Use: Scroll            |     6 |     5 |     9 ||    20
       Potion            |     1 |     1 |     2 ||     4
 Stab: Sleeping          |    10 |    31 |    57 ||    98
       Distracted        |     1 |       |       ||     1
       Confused          |       |     3 |     8 ||    11
       Invisible         |       |       |     2 ||     2
  Eat: Bread ration      |     1 |       |     1 ||     2
       Royal jelly       |       |       |     1 ||     1
       Pizza             |       |       |     1 ||     1
Armor: Robe              |    26 |    14 |    28 ||    68
       Skin              |     8 |       |       ||     8
Dodge: Dodged            |   148 |    80 |   270 ||   498
